 Dungeon Crawl Stone Soup version 0.30.1-11-g7821555f0a (webtiles) character file.

Game seed: 7463579256933946173

27285 jfcaron the Cleaver (level 13, 0/104 HPs)
             Began as a Gnoll Berserker on Nov 11, 2023.
             Was an Elder of Trog.
             Constricted to death by an anaconda simulacrum (3 damage)
             ... in an ice cave.
             The game lasted 00:28:44 (13845 turns).

jfcaron the Cleaver (Gnoll Berserker)              Turns: 13845, Time: 00:28:45

Health: 0/104      AC: 18    Str: 21    XL:     13   Next: 31%
Magic:  25/25      EV:  6    Int:  8    God:    Trog [****..]
Gold:   378        SH: 20    Dex: 11    Spells: 28/28 levels left

rFire   . . .        b - +1 broad axe (heavy)
rCold   . . .        t - +1 tower shield
rNeg    . . .        q - +1 chain mail {rPois}
rPois   +            v - +0 helmet
rElec   .            g - +0 cloak
rCorr   .            D - +0 pair of gloves
SInv    +            w - +0 pair of boots
Will    .....        o - amulet of reflection
Stlth   +            E - ring of see invisible
HPRegen 0.37/turn    (no ring)
MPRegen 0.19/turn

%: reflection
@: constricted
A: fangs 1, strong nose, distributed training
a: Renounce Religion, Berserk, Trog's Hand, Brothers in Arms


You were in an ice cave.
You worshipped Trog.
Trog was greatly pleased with you.
You visited 1 branch of the dungeon, and saw 11 of its levels.
You also visited: Sewer, Bailey and Ice Cave.

You collected 783 gold pieces.
You spent 405 gold pieces at shops.

Inventory:

Hand Weapons
 a - a +1 vampiric broad axe
   (You bought it in a shop on level 4 of the Dungeon)
 b - a +1 heavy broad axe (weapon)
   (You found it on level 3 of the Dungeon)
Missiles
 f - 13 stones (quivered)
 r - 14 poisoned darts
 A - 2 silver boomerangs
 H - 3 javelins
Armour
 g - a +0 cloak (worn)
 q - a +1 chain mail of poison resistance (worn)
   (You took it off an orc priest on level 4 of the Dungeon)
 t - a +1 tower shield (worn)
 v - a +0 helmet (worn)
 w - a +0 pair of boots (worn)
 D - a +0 pair of gloves (worn)
Jewellery
 o - an amulet of reflection (around neck)
   (You found it on level 4 of the Dungeon)
 u - the ring of Guogarr {Fire rPois Int+3}
   (You found it on level 3 of the Dungeon)

   [ring of fire]

   It enhances your fire magic.
   Int:       It affects your intelligence (+3).
   rF:        It protects you from fire.
   rC:        It makes you vulnerable to cold.
   rPois:     It protects you from poison.
 E - a ring of see invisible (left hand)
Wands
 c - a wand of digging (1)
 j - a wand of polymorph (13)
 m - a wand of charming (1)
 s - a wand of mindburst (14)
Scrolls
 y - 5 scrolls of teleportation
 z - 4 scrolls of fear
 C - a scroll of enchant armour
 I - a scroll of amnesia
 J - a scroll of magic mapping
 L - a scroll of blinking
Potions
 d - 5 potions of might
 e - 3 potions of heal wounds
 h - 8 potions of curing
 i - 3 potions of brilliance
 k - 2 potions of attraction
 l - 2 potions of lignification
 p - 6 potions of haste
 x - 2 potions of resistance
 B - 5 potions of cancellation
 F - 4 potions of mutation
 G - a potion of magic
 N - a potion of ambrosia {unknown}


   Skills:
 + Level 10.5 Fighting
 + Level 8.2 Short Blades
 + Level 8.2 Long Blades
 + Level 10.5 Axes
 + Level 8.2 Maces & Flails
 + Level 8.2 Polearms
 + Level 8.2 Staves
 + Level 8.2 Ranged Weapons
 + Level 8.2 Throwing
 + Level 9.4 Armour
 + Level 9.4 Dodging
 + Level 8.2 Stealth
 + Level 8.2 Shields
 + Level 8.2 Unarmed Combat
 + Level 8.2 Spellcasting
 + Level 6.8 Conjurations
 + Level 6.8 Hexes
 + Level 6.8 Summonings
 + Level 6.8 Necromancy
 + Level 6.8 Translocations
 + Level 6.8 Transmutations
 + Level 6.8 Fire Magic
 + Level 6.8 Ice Magic
 + Level 6.8 Air Magic
 + Level 6.8 Earth Magic
 + Level 6.8 Poison Magic
 + Level 9.0 Invocations
 + Level 8.2 Evocations


You had 28 spell levels left.
You didn't know any spells.
Your spell library contained the following spells:

 Spells                   Type           Power      Damage    Failure   Level
 Kiss of Death            Conj/Necr      56%        2d9       28%         1
 Blink                    Tloc           28%        N/A       41%         2
 Poisonous Vapours        Pois/Air       28%        N/A       41%         2
 Confusing Touch          Hex            14%        N/A       65%         3
 Mephitic Cloud           Conj/Pois/Air  14%        N/A       65%         3
 Ozocubu's Armour         Ice            14%        N/A       65%         3
 Tukima's Dance           Hex            14%        N/A       65%         3
 Dispel Undead            Necr           14%        3d10      96%         4
 Leda's Liquefaction      Hex/Erth       7%         N/A       96%         4
 Manifold Assault         Tloc           14%        N/A       96%         4
 Passage of Golubria      Tloc           14%        N/A       96%         4
 Freezing Cloud           Conj/Ice/Air   7%         6-21      100%        5
 Lee's Rapid Deconstruct  Erth           7%         3d6*      100%        5
 Metabolic Englaciation   Hex/Ice        7%         N/A       100%        5
 Yara's Violent Unravell  Hex/Tmut       7%         3d5       100%        5
 Simulacrum               Ice/Necr       7%         N/A       100%        6
 Statue Form              Tmut/Erth      9%         N/A       100%        6
 Storm Form               Tmut/Air       7%         N/A       100%        7


Dungeon Overview and Level Annotations

Branches:
Dungeon (11/15)            Temple (0/1) D:7            Lair (0/5) D:10
  Sewer (visited)          Bailey (visited)           IceCv (1/1)
    Orc: D:9-12

Altars:
Ashenzari
Cheibriados
Elyvilon
Fedhas
Gozag
Nemelex Xobeh
Okawaru
Uskayaw
Vehumet
Xom
Yredelemnul
The Shining One

Shops:
D:4 *

Portals:
Abyss: D:1***

Annotations:
D:8 exclusion: oklob plant


Innate Abilities, Weirdness & Mutations

You have very sharp teeth.
Your uncanny sense of smell can sniff out nearby items.
Your experience applies equally to all skills.


Message History

You closely miss the anaconda simulacrum.
You block the anaconda simulacrum's attack.
The anaconda simulacrum constricts you. The anaconda simulacrum bites you.
The anaconda simulacrum freezes you!! The anaconda simulacrum constricts you.
You block the anaconda simulacrum's attack.
The anaconda simulacrum constricts you.
You are too injured to fight recklessly!
You slash the anaconda simulacrum!
The anaconda simulacrum is moderately damaged.
You block the anaconda simulacrum's attack.
The anaconda simulacrum constricts you.
You block the anaconda simulacrum's attack.
The anaconda simulacrum constricts you.
The anaconda simulacrum closely misses you.
The anaconda simulacrum constricts you.
You slice the anaconda simulacrum!!
The anaconda simulacrum is almost destroyed.
You block the anaconda simulacrum's attack.
The anaconda simulacrum constricts you.
You block the anaconda simulacrum's attack.
The anaconda simulacrum constricts you.
You hit the anaconda simulacrum.
The anaconda simulacrum is almost destroyed.
You block the anaconda simulacrum's attack.
The anaconda simulacrum constricts you.
The anaconda simulacrum bites you but does no damage.
The anaconda simulacrum constricts you.
You block the anaconda simulacrum's attack.
The anaconda simulacrum constricts you.
You hit the anaconda simulacrum but do no damage.
The anaconda simulacrum is almost destroyed.
The anaconda simulacrum barely misses you.
The anaconda simulacrum constricts you.
You block the anaconda simulacrum's attack.
The anaconda simulacrum constricts you. The anaconda simulacrum bites you!
* * * LOW HITPOINT WARNING * * *
The anaconda simulacrum freezes you!!
* * * LOW HITPOINT WARNING * * *
The anaconda simulacrum constricts you.
You die...

#.#.#.#.#.# ####.. #
#'#'#.#'#'### #⌠.#.. .
#.........'.# +$4#..
#.#.8.8.8.8.########..
∆
∆#.#..............#....
∆#.'..............'....
∆
∆#.#..............#....
#.#.8.8.8.8.########..
. #..@......'.# +$W#..
#8 #'#Z#.#'#'### #⌠4#..
#.#.#.#.#.# ####..
#####'##### #... ..
###. # ##


You could see an anaconda simulacrum.

Vanquished Creatures
  2 vault guards (Bailey)
  3 two-headed ogres
  The ghost of Jaukkuri the Nimble, a novice DESu of Gozag (D:7)
  An ugly thing (D:7)
  A manticore (D:11)
  2 ice statues (IceCv)
  Maurice (D:8)
  A gargoyle (D:10)
  The ghost of Joad the Cudgeller, a novice MeCA of Ignis (D:5)
  2 ice devils (IceCv)
  4 anaconda simulacra (IceCv)
  2 freezing wraiths (IceCv)
  Grinder (D:6)
  Prince Ribbit (Bailey)
  The ghost of KittyFluff the Cudgeller, an amateur GrBe of Trog (D:3)
  2 wraiths
  11 yaks
  5 humans (Bailey)
  2 wyverns
  A dire elephant simulacrum (IceCv)
  A basilisk (D:10)
  A steam dragon (D:10)
  3 vampire mosquitoes (D:10)
  Menkaure (D:6)
  4 acid dragons
  3 water moccasins (D:10)
  4 hydra simulacra (IceCv)
  A black bear (D:7)
  An ice beast (D:4)
  An orc warrior (D:9)
  An ogre (D:4)
  3 centaurs
  A phantom (D:7)
  2 kobold brigands
  14 bullfrogs
  2 scorpions
  A two-headed ogre simulacrum (IceCv)
  3 wights (D:6)
  5 killer bees (D:9)
  An elephant simulacrum (IceCv)
  4 howler monkeys
  3 jellies
  2 gnoll boudas
  9 hounds
  Crazy Yiuf (D:4)
  11 orc priests
  Ijyb (D:3)
  A sleepcap (D:7)
  Natasha (thrice) (D:3)
  2 iguanas
  6 orc wizards
  Terence (D:3)
  2 wolf simulacra (IceCv)
  A mummy (D:4)
  13 gnolls
  15 adders
  A naga simulacrum (IceCv)
  6 river rats (Sewer)
  A shadow imp (D:5)
  2 white imps
  3 ufetubi
  3 worms
  2 dart slugs (D:1)
  22 orcs
  10 bats
  10 endoplasms
  11 giant cockroaches
  12 goblins
  6 hobgoblins
  6 jackals (D:1)
  31 kobolds
  A quokka (D:4)
  8 ball pythons
  2 frilled lizards (D:3)
  22 rats
332 creatures vanquished.

Notes
Turn   | Place    | Note
-------+----------+-------------------------------------------
     0 | D:1      | jfcaron the Gnoll Berserker began the quest for the Orb.
     0 | D:1      | Reached XP level 1. HP: 23/23 MP: 1/1
    17 | D:1      | Reached XP level 2. HP: 29/29 MP: 2/2
   261 | D:1      | Reached XP level 3. HP: 35/35 MP: 3/3
   265 | D:1      | Reached skill level 1 in Invocations
   528 | D:2      | Reached skill level 1 in Short Blades
   528 | D:2      | Reached skill level 1 in Long Blades
   528 | D:2      | Reached skill level 1 in Maces & Flails
   528 | D:2      | Reached skill level 1 in Polearms
   528 | D:2      | Reached skill level 1 in Staves
   528 | D:2      | Reached skill level 1 in Ranged Weapons
   528 | D:2      | Reached skill level 1 in Throwing
   528 | D:2      | Reached skill level 1 in Stealth
   528 | D:2      | Reached skill level 1 in Shields
   528 | D:2      | Reached skill level 1 in Unarmed Combat
   528 | D:2      | Reached skill level 1 in Spellcasting
   528 | D:2      | Reached skill level 1 in Evocations
   663 | D:2      | Reached XP level 4. HP: 32/41 MP: 5/5
   664 | D:2      | Reached ** piety under Trog
  1105 | D:2      | Reached skill level 1 in Conjurations
  1105 | D:2      | Reached skill level 1 in Hexes
  1105 | D:2      | Reached skill level 1 in Summonings
  1105 | D:2      | Reached skill level 1 in Necromancy
  1105 | D:2      | Reached skill level 1 in Translocations
  1105 | D:2      | Reached skill level 1 in Transmutations
  1105 | D:2      | Reached skill level 1 in Fire Magic
  1105 | D:2      | Reached skill level 1 in Ice Magic
  1105 | D:2      | Reached skill level 1 in Air Magic
  1105 | D:2      | Reached skill level 1 in Earth Magic
  1105 | D:2      | Reached skill level 1 in Poison Magic
  1294 | D:2      | Identified the +1 robe of Pimu {rElec rCorr Archmagi}
  1520 | D:3      | Reached XP level 5. HP: 47/47 MP: 5/7
  1857 | D:3      | Noticed Ijyb
  1885 | D:3      | Killed Ijyb
  1985 | D:3      | Found a faded altar of an unknown god.
  2107 | D:3      | Noticed Terence
  2112 | D:3      | Killed Terence
  2181 | D:3      | Found a large runed translucent door.
  2181 | D:3      | Found a large runed translucent door.
  2182 | D:3      | Noticed KittyFluff's ghost (amateur GrBe)
  2432 | D:3      | Noticed Natasha
  2436 | D:3      | Killed Natasha
  2445 | D:3      | Found a glowing golden altar of the Shining One.
  2729 | D:3      | Identified the ring of Guogarr {Fire rPois Int+3}
  2825 | D:3      | Killed KittyFluff's ghost
  2826 | D:3      | Reached skill level 5 in Armour
  2826 | D:3      | Reached skill level 5 in Dodging
  2826 | D:3      | Reached XP level 6. HP: 52/53 MP: 7/9
  2968 | D:4      | Reached XP level 7. HP: 48/60 MP: 10/10
  3227 | D:4      | Found a runed translucent door.
  3228 | D:4      | Noticed Crazy Yiuf
  3234 | D:4      | Killed Crazy Yiuf
  3335 | D:4      | Identified the +3 glaive "Zaotrih" {vamp, MP+9 Str+6}
  3340 | D:4      | Reached *** piety under Trog
  3393 | D:4      | Found Jafixurr's General Store.
  3610 | D:4      | Bought a potion of curing for 39 gold pieces
  3610 | D:4      | Bought a +0 helmet for 58 gold pieces
  3610 | D:4      | Bought a +0 pair of boots for 58 gold pieces
  3624 | D:4      | Bought 3 stones for 3 gold pieces
  3877 | D:4      | Reached XP level 8. HP: 67/67 MP: 12/12
  4137 | D:4      | Found a snail-covered altar of Cheibriados.
  4178 | D:3      | Noticed Natasha
  4181 | D:3      | Killed Natasha
  4298 | D:3      | Found a faded altar of an unknown god.
  4361 | D:3      | Noticed Natasha
  4365 | D:3      | Killed Natasha
  4406 | D:5      | Entered Level 5 of the Dungeon
  4925 | D:5      | Found a broken altar of Ashenzari.
  5002 | D:5      | Noticed Edmund
  5003 | D:5      | Edmund changed into Edmund the howler monkey
  5003 | D:5      | Noticed Edmund
  5015 | D:5      | Killed Edmund the howler monkey
  5136 | D:5      | Found a runed translucent gate.
  5136 | D:5      | Found a runed translucent gate.
  5165 | D:5      | Found a runed translucent gate.
  5165 | D:5      | Found an opulent altar of Gozag.
  5167 | D:5      | Noticed a two-headed ogre
  5167 | D:5      | Noticed Joad's ghost (novice MeCA)
  6041 | D:5      | Killed Joad's ghost
  6050 | D:5      | Killed a two-headed ogre
  6051 | D:5      | Reached XP level 9. HP: 25/74 MP: 13/15
  6396 | D:6      | Found an iron altar of Okawaru.
  6539 | D:6      | Noticed Grinder
  6548 | D:6      | Paralysed by Grinder for 2 turns
  6549 | D:6      | Killed Grinder
  6550 | D:6      | Reached skill level 5 in Invocations
  6552 | D:6      | Found a glowing drain.
  6564 | Sewer    | Entered a sewer
  6707 | Sewer    | Reached **** piety under Trog
  7228 | D:6      | Found a sparkling altar of Nemelex Xobeh.
  7231 | D:6      | Noticed Menkaure
  7233 | D:6      | Killed Menkaure
  7416 | D:6      | Found a white marble altar of Elyvilon.
  7879 | D:4      | Bought a +1 vampiric broad axe for 247 gold pieces
  7959 | D:7      | Noticed Jaukkuri's ghost (novice DESu)
  7959 | D:7      | Found a runed translucent gate.
  7959 | D:7      | Found a runed translucent gate.
  7959 | D:7      | Found a runed translucent gate.
  8005 | D:7      | Reached skill level 5 in Short Blades
  8005 | D:7      | Reached skill level 5 in Long Blades
  8005 | D:7      | Reached skill level 5 in Maces & Flails
  8005 | D:7      | Reached skill level 5 in Polearms
  8005 | D:7      | Reached skill level 5 in Staves
  8005 | D:7      | Reached skill level 5 in Ranged Weapons
  8005 | D:7      | Reached skill level 5 in Throwing
  8005 | D:7      | Reached skill level 5 in Stealth
  8005 | D:7      | Reached skill level 5 in Shields
  8005 | D:7      | Reached skill level 5 in Unarmed Combat
  8005 | D:7      | Reached skill level 5 in Spellcasting
  8005 | D:7      | Reached skill level 5 in Evocations
  8020 | D:7      | Found a flagged portal.
  8027 | Bailey   | Entered a bailey
  8036 | Bailey   | Reached XP level 10. HP: 81/81 MP: 17/17
  8205 | Bailey   | Noticed Prince Ribbit
  8211 | Bailey   | Noticed a vault guard
  8216 | Bailey   | Killed Prince Ribbit
  8224 | Bailey   | Killed a vault guard
  8355 | Bailey   | Noticed a vault guard
  8373 | Bailey   | Killed a vault guard
  8612 | D:7      | Identified the staff of death "Esurhiesheh" {rC+++ rN+
                  | Int-4 Dex+5}
  8692 | D:7      | Noticed a purple ugly thing
  8701 | D:7      | Killed a purple ugly thing
  8702 | D:7      | Reached skill level 5 in Conjurations
  8702 | D:7      | Reached skill level 5 in Hexes
  8702 | D:7      | Reached skill level 5 in Summonings
  8702 | D:7      | Reached skill level 5 in Necromancy
  8702 | D:7      | Reached skill level 5 in Translocations
  8702 | D:7      | Reached skill level 5 in Transmutations
  8702 | D:7      | Reached skill level 5 in Fire Magic
  8702 | D:7      | Reached skill level 5 in Ice Magic
  8702 | D:7      | Reached skill level 5 in Air Magic
  8702 | D:7      | Reached skill level 5 in Earth Magic
  8702 | D:7      | Reached skill level 5 in Poison Magic
  8702 | D:7      | Reached XP level 11. HP: 82/89 MP: 18/20
  8747 | D:7      | Found a staircase to the Ecumenical Temple.
  8801 | D:7      | Found a radiant altar of Vehumet.
  9089 | D:7      | Killed Jaukkuri's ghost
  9255 | D:8      | Found a hide-covered altar of Uskayaw.
  9291 | D:8      | Noticed Maurice
  9328 | D:8      | Killed Maurice
  9813 | D:8      | Found a blossoming altar of Fedhas.
  9825 | D:8      | Noticed an oklob plant
 10555 | D:9      | Found a shimmering altar of Xom.
 10913 | D:9      | Noticed a two-headed ogre
 10924 | D:9      | Killed a two-headed ogre
 11182 | D:10     | Entered Level 10 of the Dungeon
 11442 | D:10     | Noticed a two-headed ogre
 11556 | D:9      | Killed a two-headed ogre
 11561 | D:10     | Found a staircase to the Lair.
 11934 | D:10     | Found a basalt altar of Yredelemnul.
 12047 | D:10     | Reached XP level 12. HP: 90/97 MP: 22/22
 12273 | D:11     | Found a frozen archway.
 12304 | D:11     | Reached skill level 10 in Fighting
 12304 | D:11     | Reached skill level 10 in Axes
 12304 | D:11     | Reached XP level 13. HP: 72/103 MP: 22/24
 12389 | IceCv    | Entered an ice cave
 12773 | IceCv    | HP: 19/104 [something] (3)]
 13845 | IceCv    | HP: 3/104 [anaconda simulacrum (23)]
 13845 | IceCv    | Constricted to death by an anaconda simulacrum

Illustrated notes

Levels and vault maps discovered:
D:1:      minmay_arrival_glassed_features, layout_basic
D:2:      minmay_roachtagon, layout_loops_ring, serial_forest,
          infiniplex_forest_join, infiniplex_forest_clump_double,
          infiniplex_forest_clump_large, infiniplex_forest_straight_4,
          infiniplex_forest_lined_corner, infiniplex_forest_corner_2,
          infiniplex_forest_end_double, serial_bayou_ford_a, minmay_tromino_i4
D:3:      layout_loops_ring, nicolae_tso_swordbearing_angel,
          ebering_ghost_disaster_area, shapermc_ecumenical_altar_totnotflames,
          minmay_starry_boxes, uniq_terence, uniq_natasha, uniq_ijyb
D:4:      minmay_opposing_rooms, layout_rooms, chei_slow_surprise, serial_glass,
          glass_columns_a, glass_columns_c, glass_columns_a, glass_columns_a,
          glass_columns_b, glass_columns_b, serial_shops,
          nicolae_shop_rolling_square, uniq_crazy_yiuf_cottage
D:5:      layout_basic, nicolae_ashenzari_panopticon, ebering_ghost_gozag,
          dk_noncrumbling_4, grunt_ministairs_13, lemuel_flamethrower_2,
          uniq_edmund
D:6:      layout_gridville, mainiacjoe_overflow_alcove_4,
          mainiacjoe_overflow_surrounded_room, lemuel_round_altar,
          cheibrodos_sewer_entry_bend, uniq_menkaure, uniq_grinder
D:7:      layout_rooms, mainiacjoe_overflow_alcove_1,
          minmay_temple_entry_junction, enter_bailey_3, gammafunk_ghost_split,
          minmay_microvault
D:8:      layout_rooms, tgw_fedhas, general_overflow_altar, st_stairs_13,
          uniq_maurice
D:9:      layout_stronghold, kennysheep_mini
D:10:     layout_basic, old_standard_altar, minmay_lair_entry_grove
D:11:     layout_rooms, portal_ice_cave_entry_pillars_1, grunt_decor_resistance,
          trog_hazing_becter
IceCv:    ice_cave_tombish

Skill      XL: |  1  2  3  4  5  6  7  8  9 10 11 12 13 |
---------------+----------------------------------------+-----
Invocations    | 1 2 3 4 5 6 7 8 9 |  9.0
Short Blades   | 1 2 3 4 5 6 7 8 |  8.2
Long Blades    | 1 2 3 4 5 6 7 8 |  8.2
Maces & Flails | 1 2 3 4 5 6 7 8 |  8.2
Polearms       | 1 2 3 4 5 6 7 8 |  8.2
Staves         | 1 2 3 4 5 6 7 8 |  8.2
Ranged Weapons | 1 2 3 4 5 6 7 8 |  8.2
Throwing       | 1 2 3 4 5 6 7 8 |  8.2
Stealth        | 1 2 3 4 5 6 7 8 |  8.2
Shields        | 1 2 3 4 5 6 7 8 |  8.2
Unarmed Combat | 1 2 3 4 5 6 7 8 |  8.2
Spellcasting   | 1 2 3 4 5 6 7 8 |  8.2
Evocations     | 1 2 3 4 5 6 7 8 |  8.2
Conjurations   | 1 2 3 4 5 6 |  6.8
Hexes          | 1 2 3 4 5 6 |  6.8
Summonings     | 1 2 3 4 5 6 |  6.8
Necromancy     | 1 2 3 4 5 6 |  6.8
Translocations | 1 2 3 4 5 6 |  6.8
Transmutations | 1 2 3 4 5 6 |  6.8
Fire Magic     | 1 2 3 4 5 6 |  6.8
Ice Magic      | 1 2 3 4 5 6 |  6.8
Air Magic      | 1 2 3 4 5 6 |  6.8
Earth Magic    | 1 2 3 4 5 6 |  6.8
Poison Magic   | 1 2 3 4 5 6 |  6.8
Armour         | 5 6 7 8 9 |  9.4
Dodging        | 5 6 7 8 9 |  9.4
Fighting       | 7 8 9 10 | 10.5
Axes           | 7 8 9 10 | 10.5

Action                     |  1- 3 |  4- 6 |  7- 9 | 10-12 | 13-15 || total
---------------------------+-------+-------+-------+-------+-------++-------
  Melee: Hand axe          |    51 |   158 |       |       |       ||   209
         Bite              |     6 |    41 |    21 |    41 |     9 ||   118
         Broad axe         |       |    49 |   257 |   358 |    78 ||   742
         Unarmed           |       |    19 |       |       |       ||    19
         Punch             |       |     6 |       |       |       ||     6
  Throw: Stone             |     9 |    21 |    59 |    18 |    17 ||   124
         Dart              |    22 |    53 |    67 |    49 |     1 ||   192
         Boomerang         |       |       |       |    28 |       ||    28
         Javelin           |       |       |       |     3 |       ||     3
 Invoke: Berserk           |     2 |     3 |     3 |     6 |     1 ||    15
         Brothers in Arms  |       |       |       |     3 |       ||     3
         Trog's Hand       |       |       |       |     1 |     1 ||     2
  Evoke: Wand              |       |       |    12 |     3 |    13 ||    28
    Use: Scroll            |       |     4 |    10 |    10 |       ||    24
         Potion            |       |     1 |       |     1 |     5 ||     7
 Armour: Animal skin       |     1 |       |       |       |       ||     1
         Leather armour    |    15 |     7 |       |       |       ||    22
         Ring mail         |       |    10 |       |       |       ||    10
         Chain mail        |       |    21 |   119 |   165 |    32 ||   337
         Skin              |       |     2 |       |       |       ||     2
  Dodge: Dodged            |    41 |    56 |    49 |    81 |    19 ||   246
  Block: Tower shield      |       |     8 |   273 |   453 |    97 ||   831
         Reflection        |       |       |     6 |    11 |     1 ||    18

Table legend: (Time is in decaauts)
 A = Elapsed time spent in this place.
 B = Non-inter-level travel time spent in this place.
 C = Inter-level travel time spent in this place.
 D = Time resting spent in this place.
 E = Time spent auto-exploring this place.
 F = Levels seen in this place.
 G = Mean time per level.
                   A        B        C        D        E       F      G
               +--------+--------+--------+--------+--------+-----+--------+
         Total |  14454 |  13627 |    827 |   3252 |   7108 |  14 | 1032.4 |
       Dungeon |  11871 |  11044 |    827 |   1870 |   6657 |  11 | 1079.2 |
         Sewer |    516 |    516 |      0 |      0 |    278 |   1 |  516.0 |
        Bailey |    550 |    550 |      0 |    175 |    172 |   1 |  550.0 |
      Ice Cave |   1516 |   1516 |      0 |   1206 |      0 |   1 | 1516.0 |
               +--------+--------+--------+--------+--------+-----+--------+

Top non-repeatable levels by time:
     D:5: 2025 daAuts
   IceCv: 1516 daAuts
     D:3: 1436 daAuts
     D:4: 1378 daAuts
     D:9: 1335 daAuts
     D:2: 1275 daAuts
     D:8: 1168 daAuts
     D:6: 1117 daAuts
     D:7: 749 daAuts
    D:10: 708 daAuts
  Bailey: 550 daAuts
     D:1: 531 daAuts
   Sewer: 516 daAuts
    D:11: 144 daAuts

Table legend:
 A = Kills in this place as a percentage of kills in the entire game.
 B = Kills by you in this place as a percentage of kills by you in the entire game.
 C = Kills by friends in this place as a percentage of kills by friends in the entire game.
 D = Other kills in this place as a percentage of other kills in the entire game.
 E = Experience gained in this place as a percentage of experience gained in the entire game.
 F = Experience gained in this place divided by the number of levels of this place that you have seen.
                   A       B       C       D       E      F
               +-------+-------+-------+-------+-------+----------------------
         Total | 100.0 | 100.0 | 100.0 | 100.0 | 100.0 | 1748.8
       Dungeon |  73.2 |  73.2 |  80.0 |  50.0 |  64.7 | 1439.0
         Sewer |  13.6 |  13.8 |   0.0 |   0.0 |   0.6 | 152.0
        Bailey |   7.2 |   6.8 |  20.0 |  50.0 |  15.5 | 3792.0
      Ice Cave |   6.0 |   6.2 |   0.0 |   0.0 |  19.2 | 4710.0
               +-------+-------+-------+-------+-------+----------------------

Levels and vault maps discovered:
D:1:      minmay_arrival_glassed_features, layout_basic
D:2:      minmay_roachtagon, layout_loops_ring, serial_forest,
          infiniplex_forest_join, infiniplex_forest_clump_double,
          infiniplex_forest_clump_large, infiniplex_forest_straight_4,
          infiniplex_forest_lined_corner, infiniplex_forest_corner_2,
          infiniplex_forest_end_double, serial_bayou_ford_a, minmay_tromino_i4
D:3:      layout_loops_ring, nicolae_tso_swordbearing_angel,
          ebering_ghost_disaster_area, shapermc_ecumenical_altar_totnotflames,
          minmay_starry_boxes, uniq_terence, uniq_natasha, uniq_ijyb
D:4:      minmay_opposing_rooms, layout_rooms, chei_slow_surprise, serial_glass,
          glass_columns_a, glass_columns_c, glass_columns_a, glass_columns_a,
          glass_columns_b, glass_columns_b, serial_shops,
          nicolae_shop_rolling_square, uniq_crazy_yiuf_cottage
D:5:      layout_basic, nicolae_ashenzari_panopticon, ebering_ghost_gozag,
          dk_noncrumbling_4, grunt_ministairs_13, lemuel_flamethrower_2,
          uniq_edmund
D:6:      layout_gridville, mainiacjoe_overflow_alcove_4,
          mainiacjoe_overflow_surrounded_room, lemuel_round_altar,
          cheibrodos_sewer_entry_bend, uniq_menkaure, uniq_grinder
D:7:      layout_rooms, mainiacjoe_overflow_alcove_1,
          minmay_temple_entry_junction, enter_bailey_3, gammafunk_ghost_split,
          minmay_microvault
D:8:      layout_rooms, tgw_fedhas, general_overflow_altar, st_stairs_13,
          uniq_maurice
D:9:      layout_stronghold, kennysheep_mini
D:10:     layout_basic, old_standard_altar, minmay_lair_entry_grove
D:11:     layout_rooms, portal_ice_cave_entry_pillars_1, grunt_decor_resistance,
          trog_hazing_becter
IceCv:    ice_cave_tombish
